 Dungeon Crawl Stone Soup version 0.16.1-18-g436b03c (webtiles) character file.

71 noize the Sneak (level 4, -2/21 HPs)
             Began as a Vine Stalker Enchanter on May 4, 2015.
             Slain by a gnoll
             ... wielding a cursed -3 halberd
              (10 damage)
             ... on level 2 of the Dungeon.
             The game lasted 00:01:37 (843 turns).

noize the Sneak (Vine Stalker Enchanter)             Turns: 843, Time: 00:01:37

Health: -2/21      AC:  3    Str: 11    XL:     4   Next: 24%
Magic:  0/9        EV: 12    Int: 15    God:
Gold:   89         SH:  0    Dex: 15    Spells: 3 memorised, 2 levels left

rFire  . . .     SeeInvis .     a - +1 dagger
rCold  . . .     Clarity  .     b - +1 robe
rNeg   . . .     SustAb   .     (no shield)
rPois  .         Gourm    .     (no helmet)
rElec  .         Spirit   +     (no cloak)
rCorr  .         Warding  .     (no gloves)
rMut   .         Stasis   .     (no boots)
MR     .....                    (no amulet)
Stlth  +++.......               (no ring)
                                (no ring)

@: not resistant to hostile enchantments, fairly stealthy
A: fangs 2, regeneration 1, magic shield, antimagic bite, no device heal 3, rot
immunity
a: no special abilities


You were on level 2 of the Dungeon.
You were not hungry.

You visited 1 branch of the dungeon, and saw 2 of its levels.

You collected 89 gold pieces.

Inventory:

Hand weapons
 a - a +1 dagger (weapon)
Armour
 b - a +1 robe (worn)
Jewellery
 h - a +4 ring of dexterity {unknown}
Scrolls
 i - a scroll of noise {unknown}
 j - a scroll of teleportation {unknown}
 k - a scroll of enchant armour {unknown}
 l - a scroll of fear {unknown}
Potions
 e - a potion of heal wounds {unknown}
 f - a potion of invisibility {unknown}
 g - a potion of agility {unknown}
Books
 c - a book of Maledictions

   Spells                             Type                      Level
   a - Corona                         Hexes                        1
   b - Sure Blade                     Hexes/Charms                 2
   c - Ensorcelled Hibernation        Hexes/Ice                    2
   d - Confuse                        Hexes                        3
   e - Dazzling Spray                 Conjuration/Hexes            3
   f - Enslavement                    Hexes                        4
Comestibles
 d - 3 bread rations


   Skills:
 + Level 0.0 Fighting
 + Level 1.3 Short Blades
 + Level 2.0 Dodging
 * Level 4.8 Stealth
 - Level 2.5 Spellcasting
 + Level 3.5 Hexes


You had 2 spell levels left.
You knew the following spells:

 Your Spells              Type           Power        Failure   Level  Hunger
a - Corona                Hex            ##.....      6%          1    #......
b - Ensorcelled Hibernat  Hex/Ice        #.....       17%         2    ###....
c - Confuse               Hex            ##......     17%         3    ###....


Dungeon Overview and Level Annotations

Branches:
Dungeon (2/15)

Altars:


Innate Abilities, Weirdness & Mutations

You have extremely sharp teeth.
Your natural rate of healing is unusually fast.
When hurt, damage is shared between your health and your magic reserves.
Your bite disrupts and absorbs the magic of your enemies.
Potions and wands cannot restore your health.
You are immune to rotting.


Message History

The gnoll hits you with a club! The gnoll closely misses you.
You hit the gnoll.
You kill the gnoll!
Your Dodging skill increases to level 2!
Casting: Ensorcelled Hibernation
Confirm with . or Enter, or press ? or * to list all spells.
Aiming: Ensorcelled Hibernation
Press: ? - help, Shift-Dir - straight line, f - gnoll
Aim: a gnoll, wielding a halberd (chance 48%)
The gnoll resists with some effort.
The gnoll hits you from afar with a halberd!
* * * LOW HITPOINT WARNING * * *
Casting: Ensorcelled Hibernation
Confirm with . or Enter, or press ? or * to list all spells.
You don't have enough magic to cast that spell.
Unknown command.
Your magical contamination has completely faded away.
There is an escape hatch in the ceiling here.
The gnoll hits you from afar with a halberd!
You die...

###### #....#######
#....#.....#
#....#.....#
#....#.....#
#....#...).#
#....#.....##########
#...@+...............
#....#.....##########
###'#g..#### #.#.#.#
#.....# ###.### #.#
#)##########
#...).......


You could see a gnoll.

Vanquished Creatures
  3 gnolls (D:2)
  An adder (D:2)
  An ooze (D:2)
  3 bats (D:1)
  2 giant cockroaches (D:1)
  4 hobgoblins
  4 jackals
  A kobold (D:2)
  2 giant newts (D:1)
  7 goblins
  2 rats (D:1)
30 creatures vanquished.

Notes
Turn   | Place    | Note
--------------------------------------------------------------
     0 | D:1      | noize, the Vine Stalker Enchanter, began the quest for the Orb.
     0 | D:1      | Reached XP level 1. HP: 9/9 MP: 3/3
    51 | D:1      | Reached skill level 1 in Short Blades
   232 | D:1      | Reached XP level 2. HP: 8/13 MP: 5/5
   430 | D:1      | Reached skill level 4 in Stealth
   557 | D:1      | Reached XP level 3. HP: 16/16 MP: 7/7
   561 | D:1      | Learned a level 2 spell: Ensorcelled Hibernation
   565 | D:1      | Learned a level 3 spell: Confuse
   822 | D:2      | Reached XP level 4. HP: 21/21 MP: 1/9
   843 | D:2      | Slain by a gnoll

Action                   |  1- 3 |  4- 6 || total
-------------------------+-------+-------++-------
Melee: Dagger            |   110 |     6 ||   116
 Cast: Ensorcelled Hiber |     2 |     3 ||     5
 Stab: Sleeping          |     5 |       ||     5
